 Dungeon Crawl Stone Soup version 0.28.0-43-g3370ac3207 (webtiles) character file.

Game seed: 17373342549507708812

152 Cykl0x the Digger (level 5, -1/28 HPs)
             Began as a Gargoyle Earth Elementalist on Mar 29, 2022.
             Killed from afar by an orc wizard (3 damage)
             ... with a puff of flame
             ... on level 2 of the Dungeon.
             The game lasted 00:04:16 (2657 turns).

Cykl0x the Digger (Gargoyle Earth Elementalist)     Turns: 2657, Time: 00:04:16

Health: -1/28      AC:  6    Str: 12    XL:     5   Next: 34%
Magic:  2/9        EV: 12    Int: 17    God:
Gold:   69         SH:  0    Dex: 10    Spells: 6/10 levels left

rFire   . . .      SeeInvis .   k - +1 whip (holy)
rCold   . . .      Faith    .   (no shield)
rNeg    + . .      Spirit   .   b - +0 robe
rPois   ∞          Reflect  .   (no helmet)
rElec   +          Harm     .   (no cloak)
rCorr   .          Rampage  .   (no gloves)
Will    .....                   (no boots)
Stlth   ++........              (no amulet)
HPRegen 0.09/turn               (no ring)
MPRegen 0.11/turn               (no ring)

@: very slightly contaminated
A: sickness immunity, AC +4, negative energy resistance 1, electricity
resistance, torment resistance 1, petrification resistance
a: no special abilities


You were on level 2 of the Dungeon.
You visited 1 branch of the dungeon, and saw 3 of its levels.

You collected 69 gold pieces.

Inventory:

Hand Weapons
 a - a +0 club
 k - a +1 whip of holy wrath (weapon)
Missiles
 f - 5 large rocks
Armour
 b - a +0 robe (worn)
 g - a scarf of invisibility
 i - a +0 ring mail
Scrolls
 h - a scroll of immolation
Potions
 c - a potion of brilliance
 d - 2 potions of curing
 e - a potion of heal wounds


   Skills:
 + Level 0.6 Fighting
 + Level 0.5 Maces & Flails
 + Level 2.1 Dodging
 - Level 2.1 Stealth
 + Level 3.0 Spellcasting
 * Level 1.9 Conjurations
 - Level 0.7 Transmutations
 + Level 5.1 Earth Magic


You had 6 spell levels left.
You knew the following spells:

 Your Spells              Type           Power      Damage    Failure   Level
a - Sandblast             Erth           40%        2d10      1%          1
b - Stone Arrow           Conj/Erth      28%        3d8       12%         3

Your spell library contained the following spells:

 Spells                   Type           Power      Damage    Failure   Level
 Passwall                 Tmut/Erth      10%        N/A       8%          2
 Petrify                  Tmut/Erth      12%        N/A       45%         4


Dungeon Overview and Level Annotations

Branches:
Dungeon (3/15)

Altars:


Innate Abilities, Weirdness & Mutations

You are immune to sickness and miasma.
Your stone body is resilient. (AC +4)
You are immune to poison.
You resist negative energy. (rN+)
You are resistant to electric shocks. (rElec)
You are resistant to unholy torment.
You are immune to petrification.


Message History

The spell is quite dangerous to miscast (12% risk of failure)!
Continue anyway?
Aiming: Stone Arrow (quite dangerous; 12% risk of failure)
Press: ? - help, Shift-Dir - straight line You miscast Stone Arrow.
You are very lightly contaminated with residual magic.
Nothing appears to happen.
Something hits you but does no damage.
Unknown command.
Casting: Stone Arrow (quite dangerous; 12% risk of failure)
Confirm with . or Enter, or press ? or * to list all spells.
The spell is quite dangerous to miscast (12% risk of failure)!
Continue anyway? [Y]es or [N]o only, please.
The spell is quite dangerous to miscast (12% risk of failure)!
Continue anyway?
Aiming: Stone Arrow (quite dangerous; 12% risk of failure)
Press: ? - help, Shift-Dir - straight line You miscast Stone Arrow.
Nothing appears to happen.
You hear some strange, mumbled words.
A puff of flame appears from out of thin air!
The puff of flame hits you but does no damage.
Something hits you but does no damage.
Casting: Stone Arrow (quite dangerous; 12% risk of failure)
Confirm with . or Enter, or press ? or * to list all spells.
You don't know that spell.
You hit something but do no damage. Something hits you but does no damage.
You barely miss something.
Something hits you but does no damage. x2
You closely miss something. Something hits you but does no damage.
You miss something. Something hits you but does no damage. Something hits you.
You barely miss something. Something hits you but does no damage.
Something hits you.
You barely miss something. Something hits you.
* * * LOW HITPOINT WARNING * * *
You closely miss something. Something hits you.
* * * LOW HITPOINT WARNING * * *
Something hits you.
* * * LOW HITPOINT WARNING * * *
You miss something. Your punch misses something.
Something completely misses you.
You hear some strange, mumbled words.
A puff of flame appears from out of thin air!
The puff of flame hits you.
You die...

#......#.##...#.......#...
#......#.####.............
#...................#.....
#......#..................
#.........######.#...####.
##########.<..####...#####....
#.....# #.............##...).
#.....# #...{.#########......
#.....####...@.........#......
###.#...#..#...###.....#.....†
#...........#.....#####......
#.............#.########.....
#...........###.# #...##....
#..........####.# #....#.###
#..........###..# #.........
#...........#..## #.........
##.######...#.## #.........


There were no monsters in sight!

Vanquished Creatures
  An ogre (D:2)
  A hound skeleton (D:3)
  An ufetubus (D:2)
  A dart slug (D:2)
  6 ball pythons
  4 endoplasms
  12 giant cockroaches
  3 goblins
  3 hobgoblins (D:1)
  4 jackals (D:1)
  2 quokkas
  A bat (D:1)
  A frilled lizard (D:2)
  3 kobolds
  3 rats (D:1)
46 creatures vanquished.

Vanquished Creatures (others)
  6 fungi (D:3)
6 creatures vanquished.

Grand Total: 52 creatures vanquished

Notes
Turn   | Place    | Note
-------+----------+-------------------------------------------
     0 | D:1      | Cykl0x the Gargoyle Earth Elementalist began the quest for
                  | the Orb.
     0 | D:1      | Reached XP level 1. HP: 10/10 MP: 3/3
   406 | D:1      | Reached XP level 2. HP: 15/15 MP: 0/5
   482 | D:1      | Reached skill level 4 in Earth Magic
   930 | D:1      | Reached XP level 3. HP: 15/19 MP: 6/6
   934 | D:1      | Learned a level 3 spell: Stone Arrow
  1594 | D:2      | Noticed an ogre
  1606 | D:2      | Killed an ogre
  1607 | D:2      | Reached skill level 1 in Conjurations
  1607 | D:2      | Reached skill level 5 in Earth Magic
  1607 | D:2      | Reached XP level 4. HP: 3/24 MP: 0/8
  1607 | D:2      | Reached XP level 5. HP: 4/28 MP: 0/9
  2026 | D:2      | Found a faded altar of an unknown god.
  2657 | D:2      | Killed from afar by an orc wizard

Illustrated notes

Levels and vault maps discovered:
D:1:      dpeg_arrival_windows_large_door, layout_basic, serial_bayou_pond_a,
          grunt_decor_resistance, item_on_display_b
D:2:      minmay_roachtagon, layout_rooms, hellmonk_ecumenical_altar_blasted
D:3:      layout_basic, mainiacjoe_overflow_chevrons, ebering_ghost_sewer_f,
          portal_sewer_entry_e

Skill      XL: |  1  2  3  4  5 |
---------------+----------------+-----
Earth Magic    | 4 5 |  5.1
Dodging        | 2 |  2.1
Conjurations   | 1 |  1.9
Spellcasting   | 3 |  3.0
Fighting       | |  0.6
Maces & Flails | |  0.5
Stealth        | |  2.1
Transmutations | |  0.7

Action                   |  1- 3 |  4- 6 || total
-------------------------+-------+-------++-------
Melee: Club              |    38 |     5 ||    43
       Punch             |     1 |       ||     1
       Whip              |       |    19 ||    19
 Cast: Sandblast         |    30 |       ||    30
       Stone Arrow       |    10 |    13 ||    23
  Use: Scroll            |     2 |     3 ||     5
Armor: Robe              |    28 |    21 ||    49
Dodge: Dodged            |    51 |    25 ||    76
